 Dungeon Crawl Stone Soup version 0.31-a0-627-gd65175cf8b (webtiles) character file.

Game seed: 3149509130529651335

11 BritishOli the Trooper (level 2, 24/24 HPs)
             Began as a Demonspawn Fighter on Aug 25, 2023.
             Got out of the dungeon alive.
             The game lasted 00:00:23 (182 turns).

BritishOli the Trooper (Demonspawn Fighter)          Turns: 182, Time: 00:00:23

Health: 24/24      AC:  6    Str: 16    XL:     2   Next: 13%
Magic:  2/2        EV:  8    Int:  9    God:
Gold:   0          SH:  4    Dex: 12    Spells: 1/1 levels left

rFire   . . .        a - +0 war axe
rCold   . . .        c - +0 buckler
rNeg    . . .        b - +0 scale mail
rPois   .            (no helmet)
rElec   .            (no cloak)
rCorr   .            (no gloves)
SInv    .            (no boots)
Will    .....        (no amulet) Stlth
                     (no ring)
HPRegen 0.24/turn    (no ring)
MPRegen 0.08/turn

%: no passive effects
@: no status effects
A: demonic magic 1
a: no special abilities


You escaped.
You visited 1 branch of the dungeon, and saw 1 of its levels.

Inventory:

Hand Weapons
 a - a +0 war axe (weapon)
Armour
 b - a +0 scale mail (worn)
 c - a +0 buckler (worn)
Potions
 d - a potion of might
 e - a potion of curing {unknown}
 f - a potion of heal wounds {unknown}
 g - a potion of mutation {unknown}


   Skills:
 + Level 3.1 Fighting
 + Level 2.0 Axes
 + Level 2.8 Armour
 + Level 2.8 Shields


You had one spell level left.
You didn't know any spells.
Your spell library was empty.

Dungeon Overview and Level Annotations

Branches:
Dungeon (1/15)

Altars:


Innate Abilities, Weirdness & Mutations

Spells you cast may paralyse adjacent enemies.


Message History

The bat hits you but does no damage.
The ball python bites you but does no damage.
The ball python constricts you.
You slash the ball python!
You kill the ball python!
You barely miss the bat. The bat hits you but does no damage. x2
Unknown command.
You miss the bat. You block the bat's attack.
Unknown command.
The bat hits you but does no damage. x2
You see here a ball python corpse.
Unknown command.
You closely miss the bat. The bat barely misses you.
You hit the bat.
The bat is heavily wounded.
The bat hits you.
You closely miss the bat.
The bat is moderately wounded.
You block the bat's attack.
No target in view!
No target in view!
No target in view!
No target in view!
You block the bat's attack. The bat closely misses you.
The bat closely misses you.
You barely miss the bat.
The bat is moderately wounded.
The bat hits you but does no damage. x2; The bat closely misses you.
The bat hits you but does no damage.
You slash the bat!
You kill the bat!
No target in view!
No target in view!
No target in view!
No target in view!
You see here a bat corpse.
No target in view!
There is a staircase leading out of the dungeon here.
You have escaped!

##.#
#...##~~≈#
#..
+...'~≈≈≈#
#...##~~≈#
##...# ~~#
#...## ~#
##...# #
#...##
##...##
##.@.#
#####


There were no monsters in sight!

Vanquished Creatures
  A ball python (D:1)
  4 bats (D:1)
  An endoplasm (D:1)
  2 goblins (D:1)
8 creatures vanquished.

Notes
Turn   | Place    | Note
-------+----------+-------------------------------------------
     0 | D:1      | BritishOli the Demonspawn Fighter began the quest for the
                  | Orb.
     0 | D:1      | Reached XP level 1. HP: 18/18 MP: 1/1
   115 | D:1      | Gained mutation: Spells you cast may paralyse adjacent
                  | enemies. [demonic ancestry]
   115 | D:1      | Reached XP level 2. HP: 24/24 MP: 2/2
   182 | D:$      | Got out of the dungeon alive.

Illustrated notes

Levels and vault maps discovered:
D:1:      evilmike_arrival_crescent, layout_loops_ring,
          nicolae_ecumenical_snake_handling, minmay_misc_feat_four_crosses,
          minmay_misc_feat_tower

Skill      XL: |  1 |
---------------+----+-----
Axes           | 2 |  2.0
Fighting       | |  3.1
Armour         | |  2.8
Shields        | |  2.8

Action                     || total
---------------------------++-------
  Melee: War axe           ||    18
 Armour: Scale mail        ||    25
  Dodge: Dodged            ||    11
  Block: Buckler           ||     5

Table legend: (Time is in decaauts)
 A = Elapsed time spent in this place.
 B = Non-inter-level travel time spent in this place.
 C = Inter-level travel time spent in this place.
 D = Time resting spent in this place.
 E = Time spent auto-exploring this place.
 F = Levels seen in this place.
 G = Mean time per level.
                   A        B        C        D        E       F      G
               +--------+--------+--------+--------+--------+-----+--------+
         Total |    189 |    136 |     53 |      0 |     82 |   1 |  189.0 |
       Dungeon |    189 |    136 |     53 |      0 |     82 |   1 |  189.0 |
               +--------+--------+--------+--------+--------+-----+--------+

Top non-repeatable levels by time:
     D:1: 189 daAuts
